 Dungeon Crawl Stone Soup version 0.26-a0-639-g72c4674329 (webtiles) character file.

Game seed: 7837450830985612045

15624 DogServant the Cleaver (level 12, -16/112 HPs)
             Began as a Minotaur Berserker on Sept 19, 2020.
             Was a High Priest of Trog.
             Demolished by a phantasmal warrior (26 damage)
             ... led by a death knight
             ... on level 11 of the Dungeon.
             The game lasted 00:19:13 (12283 turns).

DogServant the Cleaver (Minotaur Berserker)        Turns: 12283, Time: 00:19:14

Health: -16/112    AC: 14    Str: 25    XL:     12   Next: 2%
Magic:  11/11      EV: 15    Int:  4    God:    Trog [*****.]
Gold:   677        SH:  0    Dex: 12    Spells: 11/11 levels left

rFire    + . .     SeeInvis .   A - +4 battleaxe
rCold    x . .     Faith    .   (shield currently unavailable)
rNeg     . . .     Spirit   .   j - +1 scale mail {MR+}
rPois    .         Reflect  .   (helmet restricted)
rElec    .         Harm     .   d - +2 cloak
rCorr    .         Rampage  .   c - +0 pair of gloves
MR       .....                  (no boots)
Stlth    +.........             (no amulet)
HPRegen  0.28/turn              g - ring of stealth
MPRegen  0.12/turn              p - ring of fire

@: vulnerable, berserk cooldown, slowed, very slow
A: retaliatory headbutt, horns 2
a: Berserk, Trog's Hand, Brothers in Arms, Renounce Religion


You were on level 11 of the Dungeon.
You worshipped Trog.
Trog was extremely pleased with you.
You visited 1 branch of the dungeon, and saw 11 of its levels.
You also visited: Sewer.

You collected 677 gold pieces.

Inventory:

Hand Weapons
 u - a +2 shortbow of flaming
 A - a +4 battleaxe (weapon)
Armour
 c - a +0 pair of gloves (worn)
 d - a +2 cloak (worn)
 j - a +1 scale mail of magic resistance (worn)
Jewellery
 g - a ring of stealth (left hand)
 p - a ring of fire (right hand)
Wands
 l - a wand of flame (34)
 o - a wand of digging (13)
 r - a wand of iceblast (11)
 B - a wand of acid (6)
Scrolls
 a - 2 scrolls of identify
 e - 3 scrolls of enchant weapon
 h - 2 scrolls of remove curse
 i - a scroll of magic mapping
 v - a scroll of fog
 w - 3 scrolls of blinking
 x - a scroll of noise {unknown}
 y - 6 scrolls of teleportation
 z - 2 scrolls of holy word {unknown}
 D - a scroll of acquirement {unknown}
Potions
 b - 2 potions of lignification {unknown}
 f - 3 potions of haste
 k - 6 potions of curing
 m - 3 potions of heal wounds
 n - 4 potions of brilliance
 q - 4 potions of stabbing
 s - a potion of ambrosia {unknown}
 t - 4 potions of flight {unknown}
Miscellaneous
 C - a phial of floods


   Skills:
 + Level 12.2 Fighting
 - Level 13.4 Axes
 - Level 9.1 Armour
 + Level 9.7 Dodging
 + Level 5.3 Evocations


You had 11 spell levels left.
You didn't know any spells.
Your spell library was empty.

Dungeon Overview and Level Annotations

Branches:
Dungeon (11/15)            Temple (0/1) D:7            Lair (0/6) D:10
    Orc (0/2) D:10          Sewer (visited)

Altars:
Ashenzari
Cheibriados
Gozag
Makhleb
Nemelex Xobeh
Qazlal
Sif Muna
Trog
Uskayaw
Vehumet
Xom
Yredelemnul


Innate Abilities, Weirdness & Mutations

You reflexively headbutt those who attack you in melee.
You have a pair of horns on your head.


Message History

You hit the phantasmal warrior.
Your headbutt misses the phantasmal warrior.
The phantasmal warrior is severely damaged.
The phantasmal warrior barely misses you.
The phantasmal warrior closely misses you.
You hit the phantasmal warrior but do no damage.
You headbutt the phantasmal warrior, but do no damage.
The phantasmal warrior is severely damaged.
The phantasmal warrior closely misses you.
You hit the phantasmal warrior but do no damage.
The phantasmal warrior is severely damaged.
The phantasmal warrior barely misses you.
The phantasmal warrior hits you but does no damage.
You barely miss the phantasmal warrior. You headbutt the phantasmal warrior!
The phantasmal warrior is severely damaged.
The phantasmal warrior completely misses you.
You closely miss the phantasmal warrior.
The phantasmal warrior is severely damaged.
The phantasmal warrior hits you!!
You die...

##..† #. ##...
#.. ###....
#.##### ##.....#
#.....###
###...####
#.......##
##..####
##.....)..###..##
#......))....###
#.....@W)).###
..........?..#
..............#
#.............#
#..#...........#
## ##.........##
##......###
###..###


You could see a phantasmal warrior.

Vanquished Creatures
  A frost giant (D:9)
  A fire dragon (D:9)
  An ice dragon (D:9)
  2 centaur warriors (D:9)
  A death knight (D:11)
  A fire crab (D:9)
  A skeletal warrior (D:11)
  A deep elf mage (D:9)
  A cyclops (D:6)
  A gargoyle (D:9)
  An efreet (D:9)
  2 hornets (D:9)
  2 hippogriffs (D:8)
  Sigmund (D:3)
  2 wyverns
  A wraith (D:11)
  4 yaks (D:11)
  2 basilisks (D:10)
  Edmund (D:5)
  A soldier ant (D:10)
  A water moccasin (D:10)
  3 porcupines (D:10)
  7 ice beasts
  2 sky beasts
  2 orc warriors
  2 phantoms
  2 black bears (D:10)
  7 ogres
  2 centaurs
  3 wolves (D:10)
  A crocodile (D:10)
  3 big kobolds
  5 bullfrogs
  A gnoll sergeant (D:9)
  5 scorpions
  13 killer bees
  8 wights
  A howler monkey (D:7)
  6 bullfrog zombies
  2 quasits (D:8)
  8 hounds
  A centaur skeleton (D:8)
  A gnoll shaman (D:9)
  2 jellies (D:10)
  8 orc wizards
  2 orc priests
  Ijyb (D:3)
  3 iguanas
  6 worker ants
  2 killer bee zombies
  A hound skeleton (D:4)
  A worker ant zombie (D:7)
  Robin (D:2)
  9 gnolls
  2 howler monkey skeletons (D:8)
  11 adders
  5 river rats
  4 white imps
  An ufetubus (D:6)
  2 worms
  2 dart slugs
  5 leopard geckos
  30 orcs
  2 ball pythons
  6 bats
  7 giant cockroaches
  18 goblins
  6 hobgoblins
  3 jackals
  11 kobolds
  5 quokkas
  7 frilled lizards
  2 quokka zombies
  9 rats
288 creatures vanquished.

Vanquished Creatures (others)
  A gnoll (D:9)
  A fungus (D:10)
  16 plants (D:10)
18 creatures vanquished.

Grand Total: 306 creatures vanquished

Notes
Turn   | Place    | Note
-------+----------+-------------------------------------------
     0 | D:1      | DogServant the Minotaur Berserker began the quest for the
                  | Orb.
     0 | D:1      | Reached XP level 1. HP: 19/19 MP: 0/0
   646 | D:1      | Reached XP level 2. HP: 27/27 MP: 1/1
   649 | D:1      | Reached skill level 4 in Axes
  1085 | D:1      | Reached XP level 3. HP: 33/33 MP: 2/2
  1363 | D:2      | Reached ** piety under Trog
  1566 | D:2      | Noticed Robin
  1575 | D:2      | Killed Robin
  1623 | D:2      | Noticed an ogre
  1627 | D:2      | Killed an ogre
  1627 | D:2      | Reached skill level 5 in Axes
  1627 | D:2      | Reached XP level 4. HP: 41/41 MP: 3/3
  1627 | D:2      | Reached XP level 5. HP: 47/47 MP: 4/4
  2047 | D:3      | Noticed Sigmund
  2057 | D:3      | Killed Sigmund
  2057 | D:3      | Reached *** piety under Trog
  2057 | D:3      | Reached skill level 5 in Fighting
  2057 | D:3      | Reached skill level 6 in Axes
  2057 | D:3      | Reached XP level 6. HP: 56/56 MP: 5/5
  2440 | D:3      | Noticed Ijyb
  2447 | D:3      | Killed Ijyb
  3036 | D:4      | Found a shattered altar of Ashenzari.
  3036 | D:4      | Found a shimmering altar of Xom.
  3041 | D:4      | Found a stormy altar of Qazlal.
  3043 | D:4      | Found a faded altar of an unknown god.
  3045 | D:4      | Found a snail-covered altar of Cheibriados.
  3114 | D:4      | Found a basalt altar of Yredelemnul.
  3548 | D:4      | Reached skill level 7 in Axes
  3895 | D:4      | Reached XP level 7. HP: 58/61 MP: 6/6
  3950 | D:5      | Entered Level 5 of the Dungeon
  4234 | D:5      | Found a hide-covered altar of Uskayaw.
  4250 | D:5      | Reached skill level 5 in Dodging
  4335 | D:5      | Reached skill level 8 in Axes
  4678 | D:5      | Found an opulent altar of Gozag.
  4679 | D:5      | Found a shimmering blue altar of Sif Muna.
  4708 | D:5      | Noticed Edmund
  4715 | D:5      | Killed Edmund
  4715 | D:5      | Reached XP level 8. HP: 71/71 MP: 7/7
  5206 | D:5      | Found a hide-covered altar of Uskayaw.
  5412 | D:6      | Reached skill level 9 in Axes
  5442 | D:6      | Found a glowing drain.
  5450 | Sewer    | Entered a sewer
  5459 | Sewer    | Reached **** piety under Trog
  5540 | Sewer    | Reached skill level 5 in Armour
  5567 | Sewer    | Found a white marble altar of Elyvilon.
  6051 | D:6      | Noticed a cyclops
  6065 | D:6      | Killed a cyclops
  6065 | D:6      | Reached skill level 10 in Axes
  6065 | D:6      | Reached XP level 9. HP: 79/79 MP: 8/8
  6836 | D:7      | Found a burning altar of Makhleb.
  6850 | D:7      | Found a staircase to the Ecumenical Temple.
  7600 | D:8      | Reached skill level 11 in Axes
  8095 | D:8      | Reached XP level 10. HP: 73/90 MP: 9/9
  8223 | D:8      | Found a radiant altar of Vehumet.
  8224 | D:8      | Found a burning altar of Makhleb.
  8224 | D:8      | Found a sparkling altar of Nemelex Xobeh.
  8461 | D:8      | Reached ***** piety under Trog
  8661 | D:8      | Reached skill level 12 in Axes
  9061 | D:9      | Noticed a gargoyle
  9077 | D:9      | Killed a gargoyle
  9151 | D:9      | Noticed a fire crab
  9152 | D:9      | Noticed a centaur warrior
  9158 | D:9      | Killed a centaur warrior
  9160 | D:9      | Killed a fire crab
  9160 | D:9      | Reached skill level 10 in Fighting
  9160 | D:9      | Reached skill level 13 in Axes
  9241 | D:9      | Noticed a deep elf mage
  9252 | D:9      | Killed a deep elf mage
  9275 | D:9      | Noticed an ice dragon
  9852 | D:9      | Found a stormy altar of Qazlal.
  9860 | D:9      | Found a bloodstained altar of Trog.
  9860 | D:9      | Noticed a fire dragon
 10094 | D:9      | Received a gift from Trog
 10104 | D:9      | Reached skill level 1 in Evocations
 10104 | D:9      | Reached XP level 11. HP: 85/101 MP: 10/10
 10107 | D:9      | Killed a fire dragon
 10319 | D:9      | Noticed a centaur warrior
 10358 | D:9      | Killed a centaur warrior
 10620 | D:9      | Killed an ice dragon
 10684 | D:9      | Noticed a frost giant
 10691 | D:9      | Killed a frost giant
 10833 | D:9      | Identified the Tome of Changing and Earth
 11124 | D:10     | Entered Level 10 of the Dungeon
 11432 | D:10     | Found a staircase to the Lair.
 11576 | D:10     | Found a staircase to the Orcish Mines.
 12253 | D:11     | Noticed a death knight
 12254 | D:11     | Noticed a skeletal warrior
 12255 | D:11     | Noticed a phantasmal warrior
 12258 | D:11     | Reached skill level 5 in Evocations
 12267 | D:11     | Killed a skeletal warrior
 12270 | D:11     | Killed a death knight
 12270 | D:11     | Reached XP level 12. HP: 49/112 MP: 11/11
 12283 | D:11     | Demolished by a phantasmal warrior

Illustrated notes

Levels and vault maps discovered:
D:1:      shiori_arrival_maze, layout_basic, minmay_tromino_mix6
D:2:      layout_loops_ring, uniq_robin
D:3:      layout_basic, grunt_ministairs_6, uniq_sigmund, uniq_ijyb
D:4:      layout_gridville, chequers_temple_overflow_minitemple,
          yredelemnul_altar_generic, eino_small_chamber_without_monster
D:5:      layout_loops_corners, nicolae_overflow_hidden_temple, basic_altar,
          uniq_edmund
D:6:      kennysheep_big_flooded_room, layout_loops_ring,
          gup_sewer_entry_bubbles
D:7:      layout_basic, minmay_temple_entry_hall, basic_altar
D:8:      layout_basic, chequers_temple_overflow_statue_of_worship,
          nicolae_sextant, minmay_chambers_of_fives
D:9:      minmay_sliced_demisemicircle, layout_loops_ring, jmf_multi_god_temple
D:10:     layout_roguey, minmay_lair_entry_grove, orc_0_dummy
D:11:     minmay_the_grid_four_pointed_star
          [minmay_the_grid_triangle_9x9_corruption,
          minmay_the_grid_triangle_9x9_alien,
          minmay_the_grid_triangle_9x9_swiss_cheese,
          minmay_the_grid_triangle_9x9_fully_insulated_deathbox,
          minmay_the_grid_prize_big_room], layout_cave_pods,
          kennysheep_opposing_triangles, uniq_psyche, uniq_fannar

Skill      XL: |  1  2  3  4  5  6  7  8  9 10 11 |
---------------+----------------------------------+-----
Axes           | 4 5 6 7 8 10 11 13 | 13.4
Fighting       | 4 5 6 7 8 10 12 | 12.2
Dodging        | 3 4 5 6 7 9 |  9.7
Armour         | 4 5 7 9 |  9.1
Evocations     | 1 5 |  5.3

Action                   |  1- 3 |  4- 6 |  7- 9 | 10-12 || total
-------------------------+-------+-------+-------+-------++-------
Melee: Hand axe          |    87 |    69 |    67 |       ||   223
       Headbutt          |     8 |     4 |    59 |    56 ||   127
       War axe           |       |       |   235 |    26 ||   261
       Battleaxe         |       |       |       |   248 ||   248
Invok: Berserk           |     2 |     2 |     4 |    11 ||    19
       Trog's Hand       |       |       |       |     2 ||     2
  Use: Scroll            |     8 |       |     7 |     1 ||    16
 Stab: Sleeping          |     1 |       |       |       ||     1
Armor: Animal skin       |    27 |     1 |       |       ||    28
       Scale mail        |       |    25 |   120 |   125 ||   270
Dodge: Dodged            |    47 |    43 |   203 |   183 ||   476

Table legend: (Time is in decaauts)
 A = Elapsed time spent in this place.
 B = Non-inter-level travel time spent in this place.
 C = Inter-level travel time spent in this place.
 D = Time resting spent in this place.
 E = Time spent auto-exploring this place.
 F = Levels seen in this place.
 G = Mean time per level.
                   A        B        C        D        E       F      G
               +--------+--------+--------+--------+--------+-----+--------+
         Total |  12501 |  12019 |    482 |   1853 |   8573 |  12 | 1041.8 |
       Dungeon |  12314 |  11832 |    482 |   1853 |   8432 |  11 | 1119.5 |
         Sewer |    186 |    186 |      0 |      0 |    140 |   1 |  186.0 |
               +--------+--------+--------+--------+--------+-----+--------+

Top non-repeatable levels by time:
     D:9: 2228 daAuts
     D:8: 1437 daAuts
     D:5: 1382 daAuts
     D:6: 1293 daAuts
     D:1: 1147 daAuts
     D:3: 1049 daAuts
     D:4: 1044 daAuts
    D:10: 933 daAuts
     D:7: 819 daAuts
     D:2: 753 daAuts
    D:11: 226 daAuts
   Sewer: 186 daAuts
